 Dungeon Crawl Stone Soup version 0.27-a0-1065-ge809cff456 (webtiles) character file.

Game seed: 10553428061326164745

79 kae the Ruffian (level 4, -1/36 HPs)
             Began as a Draconian Transmuter on Apr 22, 2021.
             Slain by a gnoll
             ... wielding a +0 spear
              (3 damage)
             ... on level 2 of the Dungeon.
             The game lasted 00:01:02 (1920 turns).

kae the Ruffian (Draconian Transmuter)              Turns: 1920, Time: 00:01:02

Health: -1/36      AC:  5    Str: 14    XL:     4   Next: 16%
Magic:  7/7        EV: 12    Int: 13    God:
Gold:   55         SH:  0    Dex: 11    Spells: 3/7 levels left

rFire    . . .     SeeInvis .     - Unarmed
rCold    + . .     Faith    .   (no shield)
rNeg     . . .     Spirit   .   (armour unavailable)
rPois    .         Reflect  .   (helmet restricted)
rElec    .         Harm     .   (no cloak)
rCorr    .         Rampage  .   (no gloves)
Will     .....                  (no boots)
Stlth    +.........             (no amulet)
HPRegen  0.12/turn              b - ring of protection from cold
MPRegen  0.10/turn              (no ring)

@: no status effects
A: AC +5, unfitting armour, cold-blooded
a: no special abilities


You were on level 2 of the Dungeon.
You visited 1 branch of the dungeon, and saw 2 of its levels.

You collected 79 gold pieces.
You spent 24 gold pieces at shops.

Inventory:

Armour
 c - a +0 pair of boots
Jewellery
 b - a ring of protection from cold (left hand)
Scrolls
 e - a scroll of identify
Potions
 a - 2 potions of attraction
 d - a potion of mutation {unknown}
 f - a potion of resistance {unknown}
 g - a potion of curing {unknown}


   Skills:
 + Level 1.7 Fighting
 + Level 2.2 Dodging
 * Level 3.7 Unarmed Combat
 + Level 2.3 Spellcasting
 * Level 2.7 Transmutations
 * Level 1.0 Poison Magic


You had 3 spell levels left.
You knew the following spells:

 Your Spells              Type           Power      Damage    Failure   Level
a - Beastly Appendage     Tmut           16%        N/A       9%          1
b - Spider Form           Tmut/Pois      3%         N/A       34%         3

Your spell library contained the following spells:

 Spells                   Type           Power      Damage    Failure   Level
 Wereblood                Tmut           8%         N/A       12%         2
 Ice Form                 Ice/Tmut       5%         N/A       80%         4
 Hydra Form               Tmut           4%         N/A       92%         5


Dungeon Overview and Level Annotations

Branches:
Dungeon (2/15)

Altars:

Shops:
D:2 ?


Innate Abilities, Weirdness & Mutations

Your plain brown scales are hard. (AC +5)
You cannot fit into any form of body armour.
You are cold-blooded and may be slowed by cold attacks.


Message History

The giant cockroach moves out of view.
No target in view!
No target in view!
A giant cockroach is nearby!
A giant cockroach is nearby!
A giant cockroach is nearby!
A giant cockroach is nearby!
Casting: Beastly Appendage (safe; 9% risk of failure)
Confirm with . or Enter, or press ? or * to list all spells.
You grow a pair of large bovine horns.
Your feet morph into talons.
No target in view!
No target in view!
A giant cockroach is nearby!
The giant cockroach bites you but does no damage.
You hit the giant cockroach. You claw the giant cockroach.
You kill the giant cockroach!
Your transformation is almost over.
A gnoll comes into view. It is wielding a +0 spear.
A gnoll comes into view. It is wielding a +0 flail.
The gnoll shouts!
You hear a shout!
There are monsters nearby!
A gnoll comes into view. It is wielding a +0 flail.
Your horns disappear.
Your talons disappear.
You hit the gnoll.
The gnoll is lightly wounded.
The gnoll hits you but does no damage.
There are monsters nearby!
You closely miss the gnoll. You tail-slap the gnoll.
The gnoll is moderately wounded.
The gnoll barely misses you.
You barely miss the gnoll. You tail-slap the gnoll.
The gnoll is moderately wounded.
The gnoll hits you with a +0 flail. The gnoll hits you with a +0 spear!
The gnoll hits you from afar with a +0 spear.
The gnoll hits you from afar with a +0 spear.
You see here a giant cockroach corpse.
The gnoll hits you with a +0 flail!
* * * LOW HITPOINT WARNING * * *
The gnoll hits you from afar with a +0 spear.
You die...

########.....≈....≈≈..........#
#......#.#..≈..≈≈..≈..........
#......#†#...≈≈....≈..........
#...............⌠≈≈...........
#......#.......≈≈⌠(...........
#......#.#....≈....≈≈.........
#......#...gg.≈..≈≈..)........
####.#####.....≈≈....≈...†....
#. #.g.@.....≈≈.......†. #
#........≈≈....†###..
#.###≈≈≈≈≈≈###.####.# ###
#≈≈≈≈###### #..# ######.###
#.## #.......## #.# #. ##
##...##..###.# ≈. ..
#.....#..##.# ≈. ##.
###.#.........#


You could see 3 gnolls.

Vanquished Creatures
  4 adders (D:2)
  2 dart slugs (D:1)
  4 ball pythons
  5 endoplasms
  4 giant cockroaches
  2 goblins (D:1)
  4 hobgoblins
  2 quokkas
  A bat (D:1)
  3 frilled lizards
  2 kobolds
  4 rats
37 creatures vanquished.

Notes
Turn   | Place    | Note
-------+----------+-------------------------------------------
     0 | D:1      | kae the Draconian Transmuter began the quest for the Orb.
     0 | D:1      | Reached XP level 1. HP: 16/16 MP: 3/3
   298 | D:1      | Reached XP level 2. HP: 18/23 MP: 3/5
  1396 | D:2      | Reached XP level 3. HP: 28/28 MP: 4/6
  1400 | D:2      | Learned a level 3 spell: Spider Form
  1559 | D:2      | Found Boqoe's Magic Scroll Shop.
  1567 | D:2      | Bought a scroll of identify for 24 gold pieces
  1779 | D:2      | Reached XP level 4. HP: 35/36 MP: 5/7
  1818 | D:2      | Reached skill level 1 in Poison Magic
  1913 | D:2      | HP: 1/36 [gnoll/+0 flail (13)]
  1920 | D:2      | Slain by a gnoll

Illustrated notes

Levels and vault maps discovered:
D:1:      minmay_arrival_glassed_features, layout_basic,
          hangedman_decor_opposing
D:2:      cheibrodos_helix_gallery, layout_rooms, serial_shops,
          nicolae_shop_trees, nicolae_shop_waterfront, shop_statue

Skill      XL: |  1  2  3  4 |
---------------+-------------+-----
Dodging        | 2 |  2.2
Poison Magic   | 1 |  1.0
Fighting       | |  1.7
Unarmed Combat | |  3.7
Spellcasting   | |  2.3
Transmutations | |  2.7

Action                   |  1- 3 |  4- 6 || total
-------------------------+-------+-------++-------
Melee: Unarmed           |    73 |    28 ||   101
       Headbutt          |    10 |     3 ||    13
       Kick              |    10 |     6 ||    16
       Tailslap          |     8 |     6 ||    14
 Cast: Beastly Appendage |    20 |     4 ||    24
  Use: Scroll            |     3 |       ||     3
 Stab: Sleeping          |     2 |       ||     2
Armor: Skin              |    20 |    13 ||    33
Dodge: Dodged            |    41 |    19 ||    60

Table legend: (Time is in decaauts)
 A = Elapsed time spent in this place.
 B = Non-inter-level travel time spent in this place.
 C = Inter-level travel time spent in this place.
 D = Time resting spent in this place.
 E = Time spent auto-exploring this place.
 F = Levels seen in this place.
 G = Mean time per level.
                   A        B        C        D        E       F      G
               +--------+--------+--------+--------+--------+-----+--------+
         Total |   1919 |   1876 |     43 |      3 |   1588 |   2 |  959.5 |
       Dungeon |   1919 |   1876 |     43 |      3 |   1588 |   2 |  959.5 |
               +--------+--------+--------+--------+--------+-----+--------+

Top non-repeatable levels by time:
     D:1: 1382 daAuts
     D:2: 536 daAuts
